 Dungeon Crawl Stone Soup version 0.21-a0-578-gc6e9d75 (webtiles) character file.

38105 galech the Brawler (level 13, -7/119 HPs)
             Began as a Troll Monk on Dec 18, 2017.
             Was a High Priest of Okawaru.
             Mangled by a catoblepas (24 damage)
             ... on level 4 of the Lair of Beasts.
             The game lasted 00:37:58 (15083 turns).

galech the Brawler (Troll Monk)                    Turns: 15083, Time: 00:37:59

Health: -7/119     AC: 12    Str: 29    XL:     13   Next: 62%
Magic:  0/13       EV: 13    Int:  6    God:    Okawaru [*****.]
Gold:   535        SH: 11    Dex: 12    Spells: 12/12 levels left

rFire    . . .     SeeInvis .     - Unarmed
rCold    . . .     Gourm    +   p - +0 shield
rNeg     . . .     Faith    .   o - +1 troll leather armour {Snorg}
rPois    .         Spirit   +   G - +2 hat
rElec    .         Reflect  .   J - +1 cloak
rCorr    .         Harm     .   (gloves unavailable)
MR       .....                  (boots unavailable)
Stlth    ++........             D - amulet of guardian spirit
HPRegen  1.09/turn              N - +3 ring of strength
MPRegen  0.13/turn              e - +6 ring of slaying

@: about to teleport
A: large, unfitting armour, claws 3, fast metabolism 3, gourmand, regeneration
1, shaggy fur 1, tough skin 2
a: Heroism, Finesse, Renounce Religion


You were on level 4 of the Lair of Beasts.
You worshipped Okawaru.
Okawaru was extremely pleased with you.
You were very full.

You visited 4 branches of the dungeon, and saw 18 of its levels.
You also visited: Ice Cave.

You collected 2576 gold pieces.
You spent 2041 gold pieces at shops.

Inventory:

Missiles
 a - 7 large rocks (quivered)
Armour
 o - a +1 troll leather armour (worn) {Snorg}
 p - a +0 shield (worn)
 v - a +2 robe of positive energy
 F - a +1 robe of magic resistance
 G - a +2 hat (worn)
 H - a scarf of cloud immunity
 I - +0 ice dragon scales
 J - a +1 cloak (worn)
 P - a +0 robe of fire resistance
Jewellery
 d - an uncursed ring of protection from magic
 e - a +6 ring of slaying (right claw)
 u - an uncursed ring of poison resistance
 D - an amulet of guardian spirit (around neck)
 K - an uncursed ring of resist corrosion
 L - a +2 ring of dexterity
 M - an uncursed ring of see invisible
 N - a +3 ring of strength (left claw)
 W - an uncursed amulet of faith {unknown}
Wands
 l - a wand of scattershot (9)
 r - a wand of disintegration (51)
 E - a wand of paralysis (30)
 Q - a wand of acid (6)
 R - a wand of iceblast (9)
 U - a wand of flame (31)
Scrolls
 c - 10 scrolls of remove curse
 h - 2 scrolls of immolation
 i - 3 scrolls of enchant weapon
 m - 6 scrolls of amnesia
 n - 2 scrolls of random uselessness
 w - 3 scrolls of enchant armour
 x - 9 scrolls of teleportation
 y - 2 scrolls of fear
 z - a scroll of silence {unknown}
 B - 5 scrolls of fog
Potions
 f - 2 potions of might
 g - 4 potions of agility
 j - a potion of berserk rage
 k - 4 potions of lignification
 q - 2 potions of mutation
 t - 2 potions of cancellation
 A - 2 potions of curing
 C - 2 potions of haste
 O - a potion of flight {unknown}
 S - a potion of resistance {unknown}
 T - a potion of invisibility {unknown}
Books
 s - a book of Flames

   Spells                             Type                      Level
   a - Flame Tongue                   Conjuration/Fire             1
   b - Throw Flame                    Conjuration/Fire             2
   c - Conjure Flame                  Conjuration/Fire             3
   d - Inner Flame                    Hexes/Fire                   3
   e - Sticky Flame                   Conjuration/Fire             4
   f - Fireball                       Conjuration/Fire             5
Comestibles
 b - 15 rations
 V - 8 chunks of flesh


   Skills:
 + Level 5.4 Fighting
 + Level 3.8 Armour
 + Level 8.4 Dodging
 + Level 4.5 Stealth
 + Level 6.8 Shields
 + Level 16.5 Unarmed Combat
 + Level 2.6 Invocations


You had 12 spell levels left.
You didn't know any spells.

Dungeon Overview and Level Annotations

Branches:
Dungeon (11/15)            Temple (1/1) D:4            Lair (4/6) D:9
  Snake (0/4) Lair:3          Orc (2/2) D:10            Elf (0/3) Orc:2
  Swamp: Lair:2-4    Shoals: Lair:2-4

Altars:
Ashenzari
Cheibriados
Dithmenos
Elyvilon
Fedhas
Gozag
Hepliaklqana
Kikubaaqudgha
Makhleb
Nemelex Xobeh
Okawaru
Qazlal
Ru
Sif Muna
Trog
Uskayaw
Vehumet
Wu Jian
Xom
Yredelemnul
Zin
The Shining One
Beogh

Shops:
D:5 [   D:9 [   D:11 :   Orc:2 [(=*


Innate Abilities, Weirdness & Mutations

You are too large for most types of armour.
You have claws for hands.
Your metabolism is lightning-fast.
You like to eat raw meat.
Your natural rate of healing is unusually fast.
You are covered in fur. (AC +1)
You have very tough skin. (AC +2)


Message History

As you read the scroll of teleportation, it crumbles to dust.
You feel strangely unstable. You block the catoblepas's attack.
The hippogriff bites you.
The hippogriff pecks you but does no damage.
The hippogriff claws you.
You fail to use your ability.
The catoblepas gores you!!
* * * LOW HITPOINT WARNING * * *
The hippogriff barely misses you. The hippogriff pecks you.
* * * LOW HITPOINT WARNING * * *
The hippogriff claws you but does no damage.
You eviscerate the catoblepas!!!
The catoblepas is heavily wounded.
You scratch the catoblepas.
The catoblepas is heavily wounded.
You block the hippogriff's attack. The hippogriff pecks you.
* * * LOW HITPOINT WARNING * * *
The hippogriff claws you!
* * * LOW HITPOINT WARNING * * *
The catoblepas gores you!!
You die...

##...P# . #..
#....##..
..#..
#..##.....
.....
#.........
###..
##.....≈≈...
#..
##[..≈≈≈≈≈≈≈.
.P...
#P.$.≈≈≈≈≈≈≈.
.....
##..≈≈≈≈≈≈≈≈≈≈
.....
#..@≈≈≈≈≈≈.≈
.....
##rYH≈≈≈≈<≈≈
.....
#....≈≈≈≈...≈
.....
##....≈≈≈≈≈≈≈
#....≈≈≈≈≈≈≈
......≈≈≈≈≈≈
.....[.$..≈.
.....)#....#.
.....P##....


You could see a catoblepas, a hippogriff and a porcupine (petrified).

Vanquished Creatures
  An orc warlord (Orc:2)
  Snorg (D:10)
  2 ice dragons (IceCv)
  2 hydras
  7 two-headed ogres
  2 orc high priests (Orc:2)
  An unseen horror (D:10)
  Pikel (D:7)
  The ghost of DEFE the Thrower, a novice TrHu of Elyvilon (D:6)
  3 orc knights
  5 orc sorcerers
  2 oklob plants (Lair:2)
  Maurice (Orc:1)
  3 black mambas
  2 ice statues (IceCv)
  5 spiny frogs
  2 rime drakes (IceCv)
  2 komodo dragons
  4 trolls
  5 hippogriffs
  Prince Ribbit (D:5)
  4 blink frogs (Lair:1)
  Sigmund (D:5)
  12 yaks
  2 wyverns
  A wraith (D:11)
  A basilisk (Lair:4)
  2 hungry ghosts
  A warg (Orc:2)
  A soldier ant (D:11)
  5 nagas (Lair:3)
  5 water moccasins
  4 porcupines
  A black bear (D:6)
  25 orc warriors
  A sky beast (D:7)
  An eye of draining (D:9)
  24 ice beasts
  4 necrophages
  11 ogres
  5 wolves (Lair:4)
  The ghost of brew9 the Chopper, an amateur DsGl (D:3)
  2 centaurs
  4 crocodiles
  3 big kobolds
  7 bullfrogs
  A wyvern zombie (D:6)
  9 scorpions
  3 killer bees (D:10)
  8 wights
  3 howler monkeys (D:10)
  A crimson imp (D:9)
  A quasit (D:10)
  A bullfrog skeleton (D:5)
  4 jellies
  19 orc priests
  3 hounds
  A centaur skeleton (D:9)
  17 orc wizards
  An iguana (D:8)
  10 worker ants
  Robin (D:4)
  A worker ant zombie (D:6)
  7 gnolls
  12 adders
  2 shadow imps
  An ooze (D:7)
  2 adder skeletons
  3 worms
  4 dart slugs
  6 leopard geckos
  77 orcs
  5 giant cockroaches
  2 gnoll zombies (D:2)
  17 goblins
  12 hobgoblins
  8 jackals
  9 quokkas
  6 bats
  12 frilled lizards
  15 kobolds
  9 rats
474 creatures vanquished.

Vanquished Creatures (others)
  5 fungi (Orc:2)
  3 plants (Lair:2)
8 creatures vanquished.

Grand Total: 482 creatures vanquished

Notes
Turn   | Place    | Note
-------+----------+-------------------------------------------
     0 | D:1      | galech the Troll Monk began the quest for the Orb.
     0 | D:1      | Reached XP level 1. HP: 22/22 MP: 0/0
   177 | D:1      | Reached XP level 2. HP: 24/29 MP: 1/1
   692 | D:2      | Reached XP level 3. HP: 34/36 MP: 2/2
   900 | D:2      | Reached XP level 4. HP: 41/44 MP: 3/3
   913 | D:2      | Found a basalt altar of Yredelemnul.
  1102 | D:2      | Reached skill level 4 in Unarmed Combat
  1416 | D:3      | Noticed brew9's ghost (amateur DsGl)
  1429 | D:3      | HP: 2/44 [brew9's ghost (8)]
  1595 | D:3      | Killed brew9's ghost
  1595 | D:3      | Reached XP level 5. HP: 33/52 MP: 4/4
  2106 | D:4      | Noticed an ogre
  2115 | D:3      | Killed an ogre
  2115 | D:3      | Reached skill level 5 in Unarmed Combat
  2115 | D:3      | Reached XP level 6. HP: 36/61 MP: 5/5
  2433 | D:4      | Reached skill level 6 in Unarmed Combat
  2536 | D:4      | Noticed Robin
  2557 | D:4      | Killed Robin
  2714 | D:4      | Reached XP level 7. HP: 64/67 MP: 6/6
  2985 | D:4      | Found a staircase to the Ecumenical Temple.
  2993 | Temple   | Entered the Ecumenical Temple
  3217 | D:4      | Found a glowing golden altar of the Shining One.
  3315 | D:5      | Entered Level 5 of the Dungeon
  3396 | D:5      | Noticed Prince Ribbit
  3397 | D:5      | Noticed Sigmund
  3549 | D:5      | Found Efueh's Armour Boutique.
  3588 | D:5      | Killed Sigmund
  3636 | D:5      | Killed Prince Ribbit
  3636 | D:5      | Reached skill level 7 in Unarmed Combat
  3749 | D:6      | Found a snail-covered altar of Cheibriados.
  3773 | D:6      | Noticed DEFE's ghost (novice TrHu)
  3788 | D:6      | Killed DEFE's ghost
  3788 | D:6      | Reached skill level 1 in Shields
  3788 | D:6      | Reached skill level 8 in Unarmed Combat
  3788 | D:6      | Reached XP level 8. HP: 56/75 MP: 7/7
  4246 | D:6      | Reached skill level 5 in Dodging
  4246 | D:6      | Reached skill level 9 in Unarmed Combat
  4435 | D:6      | Found an iron altar of Okawaru.
  4437 | D:6      | Found a shattered altar of Ashenzari.
  4438 | D:6      | Found a shadowy altar of Dithmenos.
  4454 | D:6      | Became a worshipper of Warmaster Okawaru
  4454 | D:6      | Reached * piety under Okawaru
  4454 | D:6      | Reached ** piety under Okawaru
  4465 | D:6      | Reached XP level 9. HP: 84/84 MP: 8/8
  4877 | D:7      | Found a sparkling altar of Nemelex Xobeh.
  4942 | D:7      | Reached skill level 10 in Unarmed Combat
  5029 | D:7      | Noticed Pikel
  5032 | D:7      | Killed Pikel
  5032 | D:7      | Reached *** piety under Okawaru
  5677 | D:8      | Reached skill level 11 in Unarmed Combat
  5762 | D:8      | Found a blossoming altar of Fedhas.
  5792 | D:7      | Found a hazy altar of Hepliaklqana.
  5887 | D:8      | Found a burning altar of Makhleb.
  5916 | D:8      | Noticed a two-headed ogre
  5925 | D:8      | Killed a two-headed ogre
  5925 | D:8      | Reached XP level 10. HP: 65/92 MP: 9/9
  6067 | D:8      | Reached **** piety under Okawaru
  6191 | D:8      | Noticed a two-headed ogre
  6207 | D:8      | Killed a two-headed ogre
  6470 | D:9      | Noticed a two-headed ogre
  6481 | D:9      | Killed a two-headed ogre
  6481 | D:9      | Received a gift from Okawaru
  6481 | D:9      | Reached skill level 12 in Unarmed Combat
  6888 | D:9      | Noticed a two-headed ogre
  6897 | D:9      | Killed a two-headed ogre
  6953 | D:9      | Found Ruisoamm's Armour Emporium.
  7027 | D:9      | Found a staircase to the Lair.
  7166 | D:10     | Entered Level 10 of the Dungeon
  7245 | D:10     | Reached ***** piety under Okawaru
  7251 | D:10     | Noticed a two-headed ogre
  7370 | D:10     | Killed a two-headed ogre
  7370 | D:10     | Reached XP level 11. HP: 43/100 MP: 3/10
  7583 | D:10     | Killed an unseen horror
  7583 | D:10     | Reached skill level 13 in Unarmed Combat
  7966 | D:10     | Found a roughly hewn altar of Beogh.
  7966 | D:10     | Found a staircase to the Orcish Mines.
  7995 | D:10     | Noticed Snorg
  8010 | D:10     | Killed Snorg
  8281 | Lair:1   | Entered Level 1 of the Lair of Beasts
  8316 | Lair:1   | Received a gift from Okawaru
  8661 | Lair:1   | Reached skill level 1 in Armour
  8822 | Lair:1   | Reached skill level 14 in Unarmed Combat
  8908 | Lair:1   | HP: 3/101 [blink frog (16)]
  9571 | Lair:2   | Reached XP level 12. HP: 109/109 MP: 11/11
  9633 | Lair:2   | Found a hazy altar of Hepliaklqana.
  9816 | Lair:2   | Noticed a seven-headed hydra
  9991 | Orc:1    | Entered Level 1 of the Orcish Mines
  9992 | Orc:1    | Noticed Maurice
 10005 | Orc:1    | Received a gift from Okawaru
 10029 | Orc:1    | Killed Maurice
 10029 | Orc:1    | Reached skill level 5 in Shields
 10048 | Orc:1    | Found a roughly hewn altar of Beogh.
 10492 | Orc:2    | Entered Level 2 of the Orcish Mines
 10711 | Orc:2    | Found Vibaz's Jewellery Boutique.
 10723 | Orc:2    | Found Iruelosmil's Antique Weapon Shoppe.
 10733 | Orc:2    | Reached ****** piety under Okawaru
 10774 | Orc:2    | Paralysed by an orc sorcerer for 7 turns
 10776 | Orc:2    | Noticed an orc high priest
 10783 | Orc:2    | HP: 4/110 [hellwing[an orc high priest] (7)]
 10873 | Orc:2    | Killed an orc high priest
 10873 | Orc:2    | Reached skill level 5 in Fighting
 10912 | Orc:2    | Reached skill level 15 in Unarmed Combat
 10927 | Orc:2    | Found a staircase to the Elven Halls.
 10937 | Orc:2    | Found Wuci's Antique Armour Shop.
 10942 | Orc:2    | Found a labyrinth entrance.
 10975 | Orc:2    | Found a frozen archway.
 11001 | Orc:2    | Reached skill level 1 in Invocations
 11007 | IceCv    | Entered an ice cave
 11171 | IceCv    | Received a gift from Okawaru
 11374 | IceCv    | Noticed an ice dragon
 11388 | IceCv    | Noticed an ice dragon
 11397 | IceCv    | Killed an ice dragon
 11401 | IceCv    | Killed an ice dragon
 11401 | IceCv    | Reached XP level 13. HP: 64/118 MP: 3/13
 11683 | Orc:2    | Noticed an orc warlord
 11713 | Orc:2    | Killed an orc warlord
 11782 | Orc:2    | Bought a +6 ring of slaying for 2013 gold pieces
 11913 | Orc:2    | Found Dycahi's General Store.
 12161 | Orc:2    | Bought a scroll of identify for 28 gold pieces
 12497 | D:11     | Reached skill level 16 in Unarmed Combat
 12562 | D:11     | Found Toyhoxt's Book Shop.
 13953 | Lair:3   | Found a staircase to the Snake Pit.
 14952 | Lair:4   | Received a gift from Okawaru
 14957 | Lair:4   | Got a bloodstained short sword {god gift}
 14958 | Lair:4   | Identified the +3 short sword of Joufol {drain, rElec rPois rF++ rC-} (Okawaru gifted it to you on level 4 of the Lair of Beasts)
 15053 | Lair:4   | Found the +5 robe of Night {Dark MR+ SInv}
 15083 | Lair:4   | Mangled by a catoblepas

Vault maps used:
D:1:      grunt_arrival_crossed_arrows
D:2:      lemuel_zombie_altar_yredelemnul, minmay_mini_jars
D:3:      first_ration
D:4:      wad_lake_hut, minmay_temple_entry_trees, nicolae_tso_carved_into_rock,
          uniq_robin
D:5:      serial_shops, shop, uniq_sigmund, uniq_prince_ribbit1
D:6:      grunt_temple_overflow_open, basic_altar
D:7:      lemuel_upstairs_altar, lemuel_round_altar, serial_undead,
          serial_undead_f, serial_undead_e, serial_undead_e, serial_undead_a,
          uniq_pikel
D:8:      marbit_many_paths, fedhas_altar_4
D:9:      lair_entry_dummy, serial_shops, shop, billiards_dpeg
D:10:     david_orc_5, uniq_snorg
D:11:     serial_shops, shop_statue
Temple:   nicolae_temple_elliptical
Lair:2:   basic_altar, minmay_lair_oklob_chamber
Lair:3:   minmay_snake_entry_guardpost_medium
Lair:4:   minmay_swamp_entry_worms, grunt_megastairs_2,
          infiniplex_staircase_pool_2
Orc:1:    basic_altar, uniq_maurice
Orc:2:    grunt_orc_gardens, grunt_orc_garden, grunt_orc_garden,
          grunt_orc_garden, grunt_orc_garden, lab_entry_generic,
          portal_ice_cave_entry_ice_beasts
IceCv:    ice_cave_small_dragons

Skill      XL: |  1  2  3  4  5  6  7  8  9 10 11 12 13 |
---------------+----------------------------------------+-----
Dodging        | 3 4 5 6 7 8 |  8.4
Unarmed Combat | 4 5 6 8 9 11 12 14 15 16 | 16.5
Fighting       | 3 4 5 |  5.4
Stealth        | 2 3 4 |  4.5
Shields        | 1 3 4 6 |  6.8
Armour         | 2 3 |  3.8
Invocations    | 1 2 |  2.6

Action                   |  1- 3 |  4- 6 |  7- 9 | 10-12 | 13-15 || total
-------------------------+-------+-------+-------+-------+-------++-------
Melee: Unarmed           |    93 |   189 |   266 |   741 |   216 ||  1505
       Punch             |     2 |     2 |       |       |       ||     4
Invok: Heroism           |       |       |       |    14 |     4 ||    18
       Finesse           |       |       |       |     2 |     2 ||     4
  Use: Potion            |       |     4 |       |     3 |     1 ||     8
       Scroll            |       |       |    10 |     7 |     3 ||    20
 Stab: Sleeping          |     4 |     1 |     2 |    10 |     2 ||    19
       Distracted        |       |       |       |     1 |     2 ||     3
  Eat: Chunk             |    14 |    17 |    34 |    53 |    26 ||   144
       Ration            |       |       |     1 |       |     2 ||     3
Armor: Robe              |    34 |    63 |    60 |    72 |       ||   229
       Troll leather arm |       |       |       |    98 |    93 ||   191
Dodge: Dodged            |    55 |   105 |    94 |   280 |    64 ||   598
Block: Shield            |       |       |    73 |   311 |    89 ||   473

Table legend:
 A = Spawn XP
 B = Non-spawn XP
 C = Spawn XP percentage of total XP
 D = Spawn monster count
 E = Non-spawn monster count
 F = Spawn count percentage of total count
 G = Total turns spent on level
                    A         B        C        D         E        F      G
               +---------+---------+-------+---------+---------+-------+---------
         Total |       0 |   54436 |   0.0 |       0 |     474 |   0.0 | 15083
               +---------+---------+-------+---------+---------+-------+---------
           D:1 |       0 |      32 |   0.0 |       0 |      20 |   0.0 |   662
           D:2 |       0 |     135 |   0.0 |       0 |      41 |   0.0 |   795
           D:3 |       0 |     292 |   0.0 |       0 |      20 |   0.0 |   729
           D:4 |       0 |     309 |   0.0 |       0 |      23 |   0.0 |  1033
           D:5 |       0 |     571 |   0.0 |       0 |       8 |   0.0 |   422
           D:6 |       0 |    1605 |   0.0 |       0 |      26 |   0.0 |   976
           D:7 |       0 |    2008 |   0.0 |       0 |      31 |   0.0 |   988
           D:8 |       0 |    2354 |   0.0 |       0 |      24 |   0.0 |   821
           D:9 |       0 |    3949 |   0.0 |       0 |      25 |   0.0 |  1042
          D:10 |       0 |    5283 |   0.0 |       0 |      66 |   0.0 |  1174
          D:11 |       0 |    4666 |   0.0 |       0 |      26 |   0.0 |   701
        Lair:1 |       0 |    4398 |   0.0 |       0 |      18 |   0.0 |  1264
        Lair:2 |       0 |    4603 |   0.0 |       0 |      13 |   0.0 |   774
        Lair:3 |       0 |    1822 |   0.0 |       0 |      10 |   0.0 |   941
        Lair:4 |       0 |    2183 |   0.0 |       0 |      13 |   0.0 |   330
         Orc:1 |       0 |    4147 |   0.0 |       0 |      33 |   0.0 |   684
         Orc:2 |       0 |   10623 |   0.0 |       0 |      57 |   0.0 |  1013
         IceCv |       0 |    5456 |   0.0 |       0 |      20 |   0.0 |   557
               +---------+---------+-------+---------+---------+-------+---------
